 Dungeon Crawl Stone Soup version 0.30-a0-51-g784eafce7f (webtiles) character file.

Game seed: 8827280295367786956

156 jlumianski the Chopper (level 5, -1/39 HPs)
             Began as a Demonspawn Gladiator on Sept 6, 2022.
             Slain by a scorpion (3 damage)
             ... on level 5 of the Dungeon.
             The game lasted 00:10:29 (2841 turns).

jlumianski the Chopper (Demonspawn Gladiator)       Turns: 2841, Time: 00:10:29

Health: -1/39      AC: 10    Str: 16    XL:     5   Next: 14%
Magic:  5/5        EV:  7    Int: 10    God:
Gold:   134        SH:  0    Dex: 14    Spells: 4/4 levels left

rFire   + . .      SeeInvis .    a - +0 war axe
rCold   + . .      Faith    .    (no shield)
rNeg    . . .      Spirit   .    v - +0 chain mail
rPois   +          Reflect  .    c - +1 helmet
rElec   +          Harm     .    (no cloak)
rCorr   +          Rampage  .    (no gloves)
Will    .....                    (no boots)
Stlth   ..........               (no amulet)
HPRegen 0.13/turn                (no ring)
MPRegen 0.09/turn                (no ring)

@: brilliant, lethally poisoned (-1 -> -7), resistant
A: foul stench 1, demonic touch 1
a: no special abilities


You were on level 5 of the Dungeon.
You visited 1 branch of the dungeon, and saw 5 of its levels.

You collected 134 gold pieces.

Inventory:

Hand Weapons
 a - a +0 war axe (weapon)
 n - a +0 dagger of venom
 p - a +0 sling
Missiles
 d - 3 throwing nets
 e - a javelin
 h - 4 poisoned darts (quivered)
 k - 42 stones
 u - 2 boomerangs
Armour
 b - a +0 leather armour
 c - a +1 helmet (worn)
 i - a +0 ring mail
 s - a +0 scale mail
 v - a +0 chain mail (worn)
 w - a +2 leather armour of willpower
Wands
 x - a wand of digging (6)
 y - a wand of charming (11)
Scrolls
 f - 2 scrolls of teleportation
 l - a scroll of magic mapping
 o - a scroll of immolation
Potions
 g - 2 potions of might
 j - a potion of degeneration
 m - 2 potions of magic
 t - a potion of curing {unknown}


   Skills:
 + Level 2.4 Fighting
 + Level 3.9 Axes
 + Level 1.8 Throwing
 + Level 2.0 Armour
 + Level 3.4 Dodging
 + Level 0.3 Stealth


You had 4 spell levels left.
You didn't know any spells.
Your spell library contained the following spells:

 Spells                   Type           Power      Damage    Failure   Level
 Foxfire                  Conj/Fire      0%         2x1d4     100%        1
 Conjure Flame            Conj/Fire      0%         6-21      100%        3
 Inner Flame              Hex/Fire       0%         N/A       100%        3
 Flame Wave               Conj/Fire      0%         2d4       100%        4


Dungeon Overview and Level Annotations

Branches:
Dungeon (5/15)
 Temple: D:4-7

Altars:
Ashenzari

Annotations:
D:5 Pikel


Innate Abilities, Weirdness & Mutations

You may rarely emit foul miasma when damaged in melee.
Your touch may inflict minor irresistible damage on your foes.


Message History

The centaur shoots an arrow.
The arrow hits you. The scorpion barely misses you.
The centaur shoots an arrow.
The arrow hits you.
You hear a shout!
The scorpion barely misses you.
The centaur shoots an arrow.
The arrow hits you.
The scorpion stings you but does no damage.
The scorpion attacks as you move away! The scorpion stings you.
You are poisoned.
The scorpion poisons you!
You feel very sick.
The centaur unwields a +0 shortbow.
The centaur hits you but does no damage.
The centaur barely misses you.
Pikel, Merchant of Souls comes into view.
He is wielding a +0 whip of flaming.
The centaur hits you but does no damage.
The centaur kicks you but does no damage.
It was a potion of resistance.
You feel protected.
* * * LOW HITPOINT WARNING * * *
You feel very sick. The centaur hits you.
* * * LOW HITPOINT WARNING * * *
The centaur closely misses you.
A lemure comes into view.
The scorpion stings you but does no damage.
Okay, then.
Unknown command.
Okay, then.
It was a potion of brilliance.
You feel clever all of a sudden.
* * * LOW HITPOINT WARNING * * *
You feel sick.
The lemure shouts!
The centaur hits you.
* * * LOW HITPOINT WARNING * * *
The centaur kicks you but does no damage.
An ogre comes into view. It is wielding a +0 giant spiked club.
The scorpion stings you.
You die...

##....... .. #.......#
. ... ##......## .#
...###........#..#
..................
...........<..........
.....................
#...........s@c..K...
.
#..##.........#####5O
..##..##.........####
.......#.............
..................##.
................###
.............####
.............#
.............#


You could see Pikel, an ogre (wandering), a lemure, a centaur and a scorpion.

Vanquished Creatures
  2 hounds
  A jelly (D:4)
  An adder (D:2)
  2 worms
  2 dart slugs (D:2)
  3 orcs
  3 endoplasms
  A giant cockroach (D:4)
  3 hobgoblins
  2 jackals (D:1)
  4 kobolds
  6 quokkas
  2 ball pythons
  5 bats
  2 frilled lizards (D:1)
  3 goblins
  5 rats
47 creatures vanquished.

Vanquished Creatures (others)
  A plant (D:2)
1 creature vanquished.

Grand Total: 48 creatures vanquished

Notes
Turn   | Place    | Note
-------+----------+-------------------------------------------
     0 | D:1      | jlumianski the Demonspawn Gladiator began the quest for the
                  | Orb.
     0 | D:1      | Reached XP level 1. HP: 16/16 MP: 1/1
   352 | D:1      | Gained mutation: You may rarely emit foul miasma when
                  | damaged in melee. [demonic ancestry]
   352 | D:1      | Reached XP level 2. HP: 15/22 MP: 2/2
   554 | D:1      | Found a faded altar of an unknown god.
  1138 | D:2      | Reached XP level 3. HP: 28/28 MP: 3/3
  2053 | D:4      | Reached skill level 1 in Armour
  2053 | D:4      | Reached XP level 4. HP: 18/34 MP: 4/4
  2508 | D:3      | Found a broken altar of Ashenzari.
  2718 | D:5      | Entered Level 5 of the Dungeon
  2726 | D:4      | Gained mutation: Your touch may inflict minor irresistible
                  | damage on your foes. [demonic ancestry]
  2726 | D:4      | Reached XP level 5. HP: 38/39 MP: 5/5
  2803 | D:4      | Noticed a centaur
  2834 | D:5      | Noticed a centaur
  2839 | D:5      | Noticed Pikel
  2840 | D:5      | Noticed a lemure
  2841 | D:5      | Noticed an ogre
  2841 | D:5      | Slain by a scorpion

Illustrated notes

Levels and vault maps discovered:
D:1:      minmay_arrival_three_doors, layout_basic,
          hellmonk_ecumenical_altar_blasted, minmay_misc_feat_secret_circle,
          ebering_dispersal_statue_hall, corexii_leaking_fountain,
          grunt_decor_mini_mirrors, chequers_jeans
D:2:      layout_basic, kennysheep_crisscross, serial_bayou_pond_a,
          interstate_on_off
D:3:      layout_rooms, mainiacjoe_overflow_catch_the_wave
D:4:      layout_basic
D:5:      layout_cave_pools, ebering_ghost_sewer_d, hangedman_decor_lopped,
          uniq_pikel

Skill      XL: |  1  2  3  4  5 |
---------------+----------------+-----
Axes           | 3 |  3.9
Dodging        | 3 |  3.4
Armour         | 1 2 |  2.0
Fighting       | |  2.4
Throwing       | |  1.8
Stealth        | |  0.3

Action                   |  1- 3 |  4- 6 || total
-------------------------+-------+-------++-------
Melee: War axe           |   100 |    30 ||   130
       Touch             |       |     1 ||     1
Throw: Dart              |     1 |     1 ||     2
  Use: Scroll            |     6 |     2 ||     8
       Potion            |     1 |     2 ||     3
Armor: Ring mail         |    33 |       ||    33
       Leather armour    |     7 |       ||     7
       Scale mail        |    13 |     3 ||    16
       Chain mail        |       |    21 ||    21
Dodge: Dodged            |    77 |    18 ||    95

Table legend: (Time is in decaauts)
 A = Elapsed time spent in this place.
 B = Non-inter-level travel time spent in this place.
 C = Inter-level travel time spent in this place.
 D = Time resting spent in this place.
 E = Time spent auto-exploring this place.
 F = Levels seen in this place.
 G = Mean time per level.
                   A        B        C        D        E       F      G
               +--------+--------+--------+--------+--------+-----+--------+
         Total |   2891 |   2831 |     60 |      0 |   1786 |   5 |  578.2 |
       Dungeon |   2891 |   2831 |     60 |      0 |   1786 |   5 |  578.2 |
               +--------+--------+--------+--------+--------+-----+--------+

Top non-repeatable levels by time:
     D:1: 1086 daAuts
     D:2: 874 daAuts
     D:3: 659 daAuts
     D:4: 252 daAuts
     D:5: 19 daAuts
